 Dungeon Crawl Stone Soup version 0.19-a0-442-g8935a21 (webtiles) character file.

915 Ordine the Transmogrifier (level 8, -6/48 HPs)
             Began as an Octopode Transmuter on June 1, 2016.
             Mangled by a wight
             ... wielding a +0 trident
              (11 damage)
             ... on level 5 of the Dungeon.
             The game lasted 00:18:27 (5359 turns).

Ordine the Transmogrifier (Octopode Transmuter)     Turns: 5359, Time: 00:18:27

Health: -6/48      AC:  1    Str:  9    XL:     8   Next: 9%
Magic:  11/11      EV: 11    Int: 18    God:
Gold:   235        SH:  0    Dex: 12    Spells: 2 memorised, 3 levels left

rFire  . . .     SeeInvis .       - Unarmed
rCold  . . .     Gourm    .     (no shield)
rNeg   . . .     Faith    .     (helmet restricted)
rPois  .         Spirit   .     f - amulet of regeneration
rElec  .         Dismiss  .     (no ring)
rCorr  .         Reflect  .     (no ring)
SustAt .         Harm     .     (no ring)
MR     .....                    (no ring)
Stlth  ++........               (no ring)
                                (no ring)
                                (no ring)
                                (no ring)

@: heavily drained, not resistant to hostile enchantments, unstealthy
A: almost no armour, amphibious, 8 rings, constrict 8, camouflage 1, gelatinous
body 1
a: no special abilities


You were on level 5 of the Dungeon.
You were not hungry.

You visited 1 branch of the dungeon, and saw 5 of its levels.

You collected 235 gold pieces.

Inventory:

Hand Weapons
 n - the +7 falchion of the Turnip {vamp, Fragile MR+ Int+3}
   (You found it on level 4 of the Dungeon)

   It inflicts no extra harm, but heals its wielder somewhat when it strikes a
   living foe.
   It affects your intelligence (+3).
   It affects your resistance to hostile enchantments.
   It will be destroyed if unequipped.
Jewellery
 f - an amulet of regeneration (around mantle)
 g - an uncursed ring of stealth
Scrolls
 d - a scroll of amnesia
 e - a scroll of immolation
 h - 2 scrolls of identify
 l - a scroll of remove curse
 o - a scroll of teleportation
Potions
 a - 2 potions of mutation
 j - a potion of haste
 k - a potion of agility
Books
 b - a book of Changes

   Spells                             Type                      Level
   a - Beastly Appendage              Transmutation                1
   b - Sticks to Snakes               Transmutation                2
   c - Spider Form                    Transmutation/Poison         3
   d - Ice Form                       Ice/Transmutation            4
   e - Blade Hands                    Transmutation                5
Comestibles
 c - 2 bread rations
 i - 4 meat rations
 m - 2 fruits


   Skills:
 - Level 1.0(0.0) Fighting
 - Level 2.0(0.0) Dodging
 + Level 5.0(2.5) Unarmed Combat
 - Level 2.0(0.0) Spellcasting
 * Level 8.2(5.5) Transmutations


You had 3 spell levels left.
You knew the following spells:

 Your Spells              Type           Power        Failure   Level  Hunger
a - Spider Form           Tmut/Pois      #.........   24%         3    ####...
c - Blade Hands           Tmut           ###.......   67%         5    ######.


Dungeon Overview and Level Annotations

Branches:
Dungeon (5/15)
 Temple: D:4-7

Altars:

Annotations:
D:5 exclusion: door, Pikel


Innate Abilities, Weirdness & Mutations

You cannot wear most types of armour.
You are amphibious.
You can wear up to eight rings at the same time.
You can use your tentacles to constrict eight enemies at once.
Your skin changes colour to match your surroundings (Stealth+).
Your rubbery body absorbs attacks. (AC +1)


Message History

You completely miss the hound skeleton. You grab the hound skeleton.
You constrict the hound skeleton. The hound skeleton misses you. x2
The wight hits you from afar with a trident.
* * * LOW HITPOINT WARNING * * *
You tentacle-slap the hound skeleton. You squeeze the hound skeleton.
You constrict the hound skeleton.
You destroy the hound skeleton!
The wight barely misses you.
You barely miss the wight. Your grab misses the wight.
The wight is heavily damaged.
The wight hits you with a trident!
* * * LOW HITPOINT WARNING * * *
You feel drained.
* * * LOW HITPOINT WARNING * * *
Okay, then.
Okay, then.
The wight barely misses you.
A scorpion comes into view.
The wight hits you from afar with a trident!
You die...

.........<.#..###....#
#################....##
<.........<......#
.................#
.................#
.................#
!...........z....#
...............#...
....$....>.@.##.##
#+###+######.# ⌠.# ..#
# .... ...... ........
.......... ....s......#


You could see a wight.

Vanquished Creatures
  Sigmund (D:2)
  The ghost of Enish the Magician, an amateur VSWr (D:3)
  An ogre (D:4)
  A scorpion (D:4)
  2 wights (D:4)
  4 orc wizards (D:4)
  2 orc priests
  A giant frog skeleton (D:4)
  An iguana (D:4)
  2 worker ants
  A hound skeleton (D:5)
  5 adders
  2 adder skeletons (D:4)
  5 dart slugs
  4 giant geckos
  15 orcs
  3 ball pythons
  5 goblins
  10 hobgoblins
  6 jackals
  2 quokkas (D:5)
  5 bats
  10 giant newts
  A jackal skeleton (D:4)
  5 kobolds
  9 rats
  A fungus (D:1)
105 creatures vanquished.

Notes
Turn   | Place    | Note
--------------------------------------------------------------
     0 | D:1      | Ordine the Octopode Transmuter began the quest for the Orb.
     0 | D:1      | Reached XP level 1. HP: 13/13 MP: 3/3
   211 | D:1      | Reached XP level 2. HP: 8/18 MP: 5/5
   367 | D:1      | Reached skill level 3 in Transmutations
   771 | D:1      | Reached XP level 3. HP: 23/23 MP: 6/6
   776 | D:1      | Learned a level 3 spell: Spider Form
  1154 | D:2      | Noticed Sigmund
  1853 | D:2      | Killed Sigmund
  1853 | D:2      | Reached skill level 5 in Transmutations
  1853 | D:2      | Reached XP level 4. HP: 28/28 MP: 4/7
  1853 | D:2      | Reached XP level 5. HP: 33/33 MP: 4/8
  2081 | D:2      | Reached XP level 6. HP: 32/38 MP: 9/9
  2353 | D:3      | Reached skill level 6 in Transmutations
  2360 | D:3      | Learned a level 5 spell: Blade Hands
  2414 | D:3      | Noticed Enish's ghost (amateur VSWr)
  2420 | D:3      | Killed Enish's ghost
  3381 | D:4      | Reached skill level 7 in Transmutations
  3381 | D:4      | Reached XP level 7. HP: 35/43 MP: 7/10
  3484 | D:4      | Got a translucent falchion
  3485 | D:4      | Identified the +7 falchion of the Turnip {vamp, Fragile MR+ Int+3} (You found it on level 4 of the Dungeon)
  4998 | D:5      | Entered Level 5 of the Dungeon
  5012 | D:4      | Reached skill level 8 in Transmutations
  5012 | D:4      | Reached XP level 8. HP: 15/48 MP: 11/11
  5181 | D:5      | Noticed Pikel
  5298 | D:4      | Reached skill level 5 in Unarmed Combat
  5354 | D:5      | HP: 2/48 [wight/trident (2)]
  5359 | D:5      | Mangled by a wight

Vault maps used:
D:1:      roderic_octagonal_star, kennysheep_pointless_box,
          minmay_gold_behind_fungi
D:2:      moated_statue, uniq_sigmund
D:3:      nicolae_overflow_hidden_temple
D:5:      tgw_xom, first_bread, grunt_decor_mini_mirrors,
          grunt_decor_one_mirror, uniq_edmund, uniq_pikel,
          uniq_crazy_yiuf_cottage

Skill      XL: |  1  2  3  4  5  6  7  8 |
---------------+-------------------------+-----
Transmutations | 3 5 7 8 |  8.2
Unarmed Combat | 4 5 |  5.0
Fighting       | |  1.0
Dodging        | |  2.0
Spellcasting   | |  2.0

Action                   |  1- 3 |  4- 6 |  7- 9 || total
-------------------------+-------+-------+-------++-------
Melee: Unarmed           |    92 |    71 |   131 ||   294
       Constrict         |    22 |    20 |    28 ||    70
       Tentacles         |    13 |    12 |    39 ||    64
       Punch             |       |     2 |     1 ||     3
 Cast: Spider Form       |     1 |     1 |       ||     2
  Use: Scroll            |    10 |     3 |     4 ||    17
       Potion            |     2 |     2 |     3 ||     7
 Stab: Sleeping          |     4 |     1 |     5 ||    10
       Distracted        |     1 |       |       ||     1
  Eat: Chunk             |     2 |     6 |     6 ||    14
       Fruit             |       |       |     1 ||     1
Armor: Skin              |     7 |     6 |     5 ||    18
Dodge: Dodged            |    52 |    34 |    93 ||   179
